 Dungeon Crawl Stone Soup version 0.29.1-12-g30fa7ad0bf (webtiles) character file.

Game seed: 4037723676624879827

88 growler the Conjurer (level 4, -2/27 (30) HPs)
             Began as a Demonspawn Wanderer on Jan 9, 2023.
             Constricted to death by Natasha (3 damage)
             ... on level 4 of the Dungeon.
             The game lasted 00:05:54 (3290 turns).

growler the Conjurer (Demonspawn Wanderer)          Turns: 3290, Time: 00:05:55

HP:   -2/27 (30)    AC:  3    Str: 14    XL:     4   Next: 30%
MP:   8/8           EV:  8    Int: 15    God:
Gold: 154           SH:  0    Dex: 11    Spells: 7/8 levels left

rFire   . . .      SeeInvis .   k - +3 dagger (venom)
rCold   . . .      Faith    .   (no shield)
rNeg    . . .      Spirit   .   d - +0 robe
rPois   .          Reflect  .   b - +0 helmet
rElec   .          Harm     .   (no cloak)
rCorr   .          Rampage  .   (no gloves)
Will    .....                   (no boots)
Stlth   +.........              (no amulet)
HPRegen 0.09/turn               (no ring)
MPRegen 0.11/turn               (no ring)

@: grasped by roots, constricted, heavily drained
A: claws 2, hooves 1
a: no special abilities


You were on level 4 of the Dungeon.
You visited 1 branch of the dungeon, and saw 4 of its levels.

You collected 154 gold pieces.

Inventory:

Hand Weapons
 a - a +2 mace
 k - a +3 dagger of venom (weapon)
Armour
 b - a +0 helmet (worn)
 d - a +0 robe (worn)
Scrolls
 c - 2 scrolls of fear
 h - a scroll of blinking {unknown}
 j - a scroll of teleportation
 l - a scroll of enchant weapon
 m - a scroll of poison {unknown}
 o - a scroll of fog {unknown}
 q - a scroll of noise {unknown}
 r - a scroll of torment {unknown}
 u - a scroll of amnesia {unknown}
 v - a scroll of enchant armour {unknown}
Potions
 e - 2 potions of flight {unknown}
 f - a potion of resistance
 g - a potion of berserk rage
 i - 6 potions of curing {unknown}
 n - a potion of attraction {unknown}
 p - a potion of magic {unknown}
 s - a potion of haste {unknown}
 t - a potion of lignification {unknown}


   Skills:
 - Level 3.6 Maces & Flails
 - Level 1.0 Dodging
 + Level 2.7 Spellcasting
 - Level 4.0 Conjurations
 + Level 2.4 Air Magic


You had 7 spell levels left.
You knew the following spells:

 Your Spells              Type           Power      Damage    Failure   Level
a - Shock                 Conj/Air       44%        1d5       5%          1

Your spell library contained the following spells:

 Spells                   Type           Power      Damage    Failure   Level
 Mephitic Cloud           Conj/Pois/Air  8%         N/A       26%         3
 Sublimation of Blood     Necr           2%         N/A       30%         2
 Wereblood                Tmut           2%         N/A       30%         2
 Gell's Gravitas          Tloc           2%         N/A       52%         3
 Lesser Beckoning         Tloc           2%         N/A       52%         3
 Teleport Other           Tloc           2%         N/A       52%         3
 Summon Hydra             Summ           1%         N/A       100%        7


Dungeon Overview and Level Annotations

Branches:
Dungeon (4/15)
 Temple: D:4-7

Altars:
Uskayaw

Annotations:
D:4 1 runed translucent door, Edmund; Natasha; sweetbreads's ghost, amateur SpEn


Innate Abilities, Weirdness & Mutations

You have very sharp fingernails.
You have large cloven feet.


Message History

The jackal bites you. The jackal misses you.
You hit the jackal.
You kill the jackal!
You barely miss the jackal. You kick the jackal.
The jackal is heavily wounded.
The jackal closely misses you. x2
You hit the jackal.
You kill the jackal!
No target in view!
HP restored.
There is a stone staircase leading down here.
You now have 135 gold pieces (gained 9).
Found a runed translucent door.
Sweetbreads's ghost turns its malevolent gaze towards you.
You now have 154 gold pieces (gained 19).
As you open the door, it creaks loudly!
There is an open door here.
Edmund the Younger comes into view.
He is wielding a +1 flail of draining.
Edmund shouts!
You hear an angry hiss.
Edmund hits you with a +1 flail of draining.
You feel drained.
You barely miss Edmund. Edmund barely misses you.
Natasha, Servant of Life and Death comes into view.
She is carrying a wand of roots (9).
You hit Edmund but do no damage.
Edmund is poisoned.
You kick Edmund.
Edmund is lightly wounded.
Edmund hits you with a +1 flail of draining!
You feel drained.
Natasha mumbles some strange words.
You feel disoriented.
You closely miss Edmund.
Edmund is lightly wounded.
Edmund hits you with a +1 flail of draining!
* * * LOW HITPOINT WARNING * * *
You feel drained.
* * * LOW HITPOINT WARNING * * *
Unknown command.
Natasha zaps a wand.
The roots erupt in riotous growth!
Edmund is unaffected.
The grasping roots grab you! The grasping roots constrict you.
You die...

#...
+.........+
#....
#.........# #.#
##.......##
##.....##
##...## ##'##
#.# #.#
######@########
#......@...h...
#.##......#####
.....#..#.#
#.##...##.# #
##..# # ....
#####


You could see Edmund (very poisoned) and Natasha.

Vanquished Creatures
  An adder (D:3)
  4 worms (D:3)
  3 dart slugs
  An orc (D:3)
  6 bats
  3 endoplasms
  A giant cockroach (D:1)
  9 goblins
  5 hobgoblins
  9 jackals
  5 kobolds
  A quokka (D:1)
  3 frilled lizards
  3 rats
54 creatures vanquished.

Vanquished Creatures (others)
  3 plants (D:2)
3 creatures vanquished.

Grand Total: 57 creatures vanquished

Notes
Turn   | Place    | Note
-------+----------+-------------------------------------------
     0 | D:1      | growler the Demonspawn Wanderer began the quest for the
                  | Orb.
     0 | D:1      | growler set off with the following items: a +2 mace, a +0
                  | helmet, a scroll of fear, a +0 robe; and the following
                  | spell memorised: Shock; and the following spells available
                  | to memorise: Mephitic Cloud.
     0 | D:1      | Reached XP level 1. HP: 13/13 MP: 2/2
   282 | D:1      | Reached skill level 1 in Air Magic
   282 | D:1      | Discovered your monstrous ancestry.
   282 | D:1      | Gained mutation: You have sharp fingernails. [demonic
                  | ancestry]
   282 | D:1      | Reached XP level 2. HP: 19/19 MP: 2/4
   841 | D:1      | Gained mutation: You have large cloven feet. [demonic
                  | ancestry]
   841 | D:1      | Reached XP level 3. HP: 19/24 MP: 6/6
  1039 | D:1      | Found a faded altar of an unknown god.
  2258 | D:3      | Found a hide-covered altar of Uskayaw.
  2340 | D:3      | Gained mutation: You have very sharp fingernails. [demonic
                  | ancestry]
  2340 | D:3      | Reached XP level 4. HP: 26/30 MP: 7/7
  3263 | D:4      | Found a runed translucent door.
  3263 | D:4      | Noticed sweetbreads's ghost (amateur SpEn)
  3285 | D:4      | Noticed Edmund
  3287 | D:4      | Noticed Natasha
  3289 | D:4      | HP: 1/27 [Edmund/+1 flail of draining (2)]
  3290 | D:4      | Constricted to death by Natasha

Illustrated notes

Levels and vault maps discovered:
D:1:      doesnt_arrival_eight_statues, layout_rooms,
          hellmonk_ecumenical_altar_inner_sanctum
D:2:      layout_basic, serial_bayou_lagoon_b
D:3:      layout_loops_cross, nicolae_tso_carved_into_rock, old_standard_altar,
          cheibrodos_sewer_entry_bend
D:4:      layout_loops_corners, hellmonk_ghost_happy_afterlife,
          uniq_blork_the_orc, uniq_edmund, uniq_natasha

Skill      XL: |  1  2  3 |
---------------+----------+-----
Air Magic      | 1 2 |  2.4
Spellcasting   | 2 |  2.7
Maces & Flails | |  3.6
Dodging        | |  1.0
Conjurations   | |  4.0

Action                   |  1- 3 |  4- 6 || total
-------------------------+-------+-------++-------
Melee: Mace              |    29 |       ||    29
       Dagger            |    64 |    39 ||   103
       Kick              |    17 |    10 ||    27
       Punch             |     1 |       ||     1
 Cast: Shock             |     5 |     2 ||     7
  Use: Scroll            |       |     4 ||     4
 Stab: Sleeping          |     1 |       ||     1
Armor: Robe              |    25 |       ||    25
Dodge: Dodged            |    58 |    16 ||    74
